 Dungeon Crawl Stone Soup version 0.32-a0-131-g9dbbe29 (webtiles) character file.

Game seed: 1132820090409261446

46 Dorkslayer the Shield-Bearer (level 3, -14/26 HPs)
             Began as an Octopode Fighter on Feb 8, 2024.
             Demolished by a gnoll
             ... wielding a +0 halberd
              (16 damage)
             ... on level 2 of the Dungeon.
             The game lasted 00:01:40 (1057 turns).

Dorkslayer the Shield-Bearer (Octopode Fighter)     Turns: 1057, Time: 00:01:40

Health: -14/26     AC:  1    Str: 17    XL:     3   Next: 66%
Magic:  3/3        EV: 13    Int: 10    God:
Gold:   90         SH:  4    Dex: 11    Spells: 2/2 levels left

rFire   . .          .
                       - Unarmed
rCold   . . .        a - +0 buckler
rNeg    . . .        (helmet restricted)
rPois   .            (no amulet)
rElec   .            (no ring)
rCorr   .            (no ring)
SInv    .            (no ring)
Will    .....        (no ring)
Stlth   ++           (no ring)
HPRegen 0.24/turn    (no ring)
MPRegen 0.08/turn    (no ring)
                     (no ring)

%: no passive effects
@: no status effects
A: almost no armour, amphibious, 8 rings, camouflage 1, gelatinous body 1,
(nimble swimmer 1), tentacles
a: no special abilities


You were on level 2 of the Dungeon.
You visited 1 branch of the dungeon, and saw 2 of its levels.

You collected 90 gold pieces.

Inventory:

Armour
 a - a +0 buckler (worn)
Scrolls
 d - a scroll of enchant armour {unknown}
 e - a scroll of amnesia {unknown}
 f - 2 scrolls of identify {unknown}
 h - a scroll of immolation {unknown}
 i - a scroll of fear {unknown}
Potions
 b - a potion of might
 c - a potion of brilliance {unknown}
 g - a potion of heal wounds {unknown}


   Skills:
 + Level 3.3 Fighting
 + Level 3.2 Dodging
 + Level 0.8 Stealth
 + Level 3.5 Shields
 * Level 2.7 Unarmed Combat


You had 2 spell levels left.
You didn't know any spells.
Your spell library contained the following spells:

 Spells                   Type           Power      Damage    Failure   Level
 Magic Dart               Conj           0%         1d3       43%         1
 Searing Ray              Conj           0%         2d4       58%         2
 Fulminant Prism          Conj/Alch      0%         3d5       99%         4


Dungeon Overview and Level Annotations

Branches:
Dungeon (2/15)

Altars:


Innate Abilities, Weirdness & Mutations

You cannot wear most types of armour.
You are amphibious.
You can wear up to eight rings at the same time.
Your skin changes colour to match your surroundings (Stealth+).
Your rubbery body absorbs attacks. (AC +1, EV +1)
((You are camouflaged when in or above water. (Stealth+)))
You have tentacles for arms and can constrict up to eight enemies at once.


Message History

3 gnolls come into view.
A gnoll comes into view. It is wielding a +0 whip.
The gnoll shouts! x2
You block the gnoll's attack.
You hear an angry hiss.
You tentacle-slap the gnoll. You grab the gnoll.
You squeeze the gnoll, but do no damage.
The gnoll is moderately wounded.
You constrict the gnoll. The gnoll barely misses you. x2
You tentacle-slap the gnoll.
The gnoll is severely wounded.
You constrict the gnoll. The gnoll barely misses you.
You block the gnoll's attack.
You tentacle-slap the gnoll.
You kill the gnoll!
The gnoll hits you from afar with a +0 spear.
The gnoll barely misses you. The gnoll closely misses you.
You see here a +0 spear.
You tentacle-slap the gnoll. You grab the gnoll.
The gnoll is heavily wounded.
You constrict the gnoll, but do no damage.
The gnoll hits you with a +0 spear. The gnoll misses you.
You bludgeon the gnoll!
You squeeze the gnoll, but do no damage.
The gnoll is almost dead.
You constrict the gnoll.
You kill the gnoll!
The gnoll hits you from afar with a +0 halberd.
The gnoll closely misses you.
You see here a +0 spear.
You tentacle-slap the gnoll. Your grab misses the gnoll.
The gnoll is moderately wounded.
The gnoll hits you with a +0 halberd!
* * * LOW HITPOINT WARNING * * *
You tentacle-slap the gnoll but do no damage.
Your grab misses the gnoll.
The gnoll is moderately wounded.
The gnoll hits you with a +0 halberd!
Ouch! That really hurt!
You die...

### #..
#.# #.#
#.# #g#
#g# #@#
#)# #.#
#.### ..
#...# ...
###.# ...
#.# #.#
#.# #.#
#.######.#


You could see 2 gnolls.

Vanquished Creatures
  2 gnolls (D:2)
  A dart slug (D:1)
  3 endoplasms (D:1)
  A giant cockroach (D:1)
  2 hobgoblins (D:1)
  2 quokkas (D:1)
  4 ball pythons (D:1)
  A bat (D:1)
  3 goblins (D:1)
  4 kobolds
  3 rats (D:1)
26 creatures vanquished.

Notes
Turn   | Place    | Note
-------+----------+-------------------------------------------
     0 | D:1      | Dorkslayer the Octopode Fighter began the quest for the
                  | Orb.
     0 | D:1      | Reached XP level 1. HP: 16/16 MP: 1/1
   212 | D:1      | Reached XP level 2. HP: 15/21 MP: 2/2
   705 | D:1      | Reached XP level 3. HP: 25/26 MP: 3/3
  1057 | D:2      | Demolished by a gnoll

Illustrated notes

Levels and vault maps discovered:
D:1:      saegor_arrival_simple_c, layout_loops_corners,
          chequers_serial_rivers_micro_d, kennysheep_crisscross, minmay_vboxes
D:2:      layout_loops_ring

Action                     || total
---------------------------++-------
  Melee: Unarmed           ||    48
         Constrict         ||    14
         Tentacles         ||    11
         Punch             ||     3
   Stab: Sleeping          ||     3
 Armour: Skin              ||    19
  Dodge: Dodged            ||    25
  Block: Buckler           ||     7

Table legend: (Time is in decaauts)
 A = Elapsed time spent in this place.
 B = Non-inter-level travel time spent in this place.
 C = Inter-level travel time spent in this place.
 D = Time resting spent in this place.
 E = Time spent auto-exploring this place.
 F = Levels seen in this place.
 G = Mean time per level.
                   A        B        C        D        E       F      G
               +--------+--------+--------+--------+--------+-----+--------+
         Total |   1056 |   1056 |      0 |      0 |    798 |   2 |  528.0 |
       Dungeon |   1056 |   1056 |      0 |      0 |    798 |   2 |  528.0 |
               +--------+--------+--------+--------+--------+-----+--------+

Top non-repeatable levels by time:
     D:1: 994 daAuts
     D:2: 62 daAuts
